 Dungeon Crawl Stone Soup version 0.27-a0-1312-g5cdb2b3542 (webtiles) character file.

Game seed: 3508913056627215347

77 puppykicker the Vexing (level 4, -1/33 HPs)
             Began as a Vampire Arcane Marksman on June 19, 2021.
             Slain by an orc (3 damage)
             ... on level 2 of the Dungeon.
             The game lasted 00:07:28 (2378 turns).

puppykicker the Vexing (Vampire Arcane Marksman)    Turns: 2378, Time: 00:07:29

Health: -1/33      AC:  2    Str:  8 (10) XL:     4   Next: 14%
Magic:  5/5        EV: 12    Int: 12 (15) God:
Gold:   75         SH:  0    Dex: 11 (14) Spells: 2/5 levels left

rFire    . . .     SeeInvis +   a - +0 hand crossbow
rCold    . . .     Faith    .   (no shield)
rNeg     . . .     Spirit   .   d - +0 robe
rPois    .         Reflect  .   (no helmet)
rElec    .         Harm     .   (no cloak)
rCorr    .         Rampage  .   (no gloves)
Will     +....                  (no boots)
Stlth    ++........             (no amulet)
HPRegen  0.31/turn              f - ring of willpower
MPRegen  0.09/turn              (no ring)

@: lethally poisoned (-1 -> -17), healing quickly
A: alive, fangs 3, see invisible, vampiric 2
a: Exsanguinate


You were on level 2 of the Dungeon.
You visited 1 branch of the dungeon, and saw 3 of its levels.

You collected 75 gold pieces.

Inventory:

Hand Weapons
 a - a +0 hand crossbow (weapon)
 b - a +0 short sword
 w - a +0 dagger
Missiles
 c - 3 atropa-tipped darts
 Q - 34 bolts (quivered ammo)
Armour
 d - a +0 robe (worn)
 e - a +2 scale mail of poison resistance {rPois}
 l - a +0 kite shield
 m - a +0 leather armour
Magical Staves
 j - a staff of poison {rPois}
Jewellery
 f - a ring of willpower (left hand)
Scrolls
 g - 3 scrolls of brand weapon {unknown}
 k - a scroll of fear {unknown}
 n - a scroll of identify {unknown}
Potions
 i - a potion of curing {unknown}


   Skills:
 + Level 1.8 Fighting
 + Level 1.1 Short Blades
 * Level 2.1 Crossbows
 + Level 0.0 Armour
 + Level 2.2 Dodging
 + Level 2.6 Stealth
 - Level 1.0 Spellcasting
 + Level 5.1 Hexes


You had 2 spell levels left.
You knew the following spells:

 Your Spells              Type           Power      Damage    Failure   Level
a - Corona                Hex            13%        N/A       3%          1
s - Slow                  Hex            12%        N/A       5%          2

Your spell library contained the following spells:

 Spells                   Type           Power      Damage    Failure   Level
 Beastly Appendage        Tmut           0%         N/A       30%         1
 Wereblood                Tmut           0%         N/A       41%         2
 Inner Flame              Hex/Fire       6%         N/A       32%         3
 Portal Projectile        Hex/Tloc       12%        N/A       32%         3
 Cause Fear               Hex            6%         N/A       36%         4
 Spider Form              Tmut/Pois      0%         N/A       65%         3
 Leda's Liquefaction      Hex/Erth       3%         N/A       71%         4
 Ice Form                 Ice/Tmut       0%         N/A       96%         4


Dungeon Overview and Level Annotations

Branches:
Dungeon (3/15)

Altars:


Innate Abilities, Weirdness & Mutations

Your natural rate of healing is accelerated.
You have razor-sharp teeth.
You have supernaturally acute eyesight. (SInv)
You are afflicted with vampirism and can become a bat while bloodless.


Message History

You take 4 damage, and have 29/33 hp.
You shoot a bolt. The orc priest shouts!
The bolt hits the endoplasm!
You kill the endoplasm!
The orc priest casts a cantrip, but nothing happens.
The orc priest mumbles some strange prayers to Beogh against you.
Beogh smites you!
You take 11 damage, and have 18/33 hp.
MASSIVE DAMAGE!!
Things that are here:
a jackal corpse; a jackal corpse
There is a stone staircase leading up here.
The orc closely misses you.
You climb upwards.
There is a stone staircase leading down here.
Fire: 35 bolts
Press: ? - help, Q - select action Shift-Dir - straight line, f - orc
Aim: an orc, wielding a +2 mace of venom and wearing a +0 leather armour (63% to hit)
You shoot a bolt. The bolt closely misses the orc.
The orc hits you with a +2 mace of venom.
* * * LOW HITPOINT WARNING * * *
You are poisoned.
The orc hits you with a +2 mace of venom.
* * * LOW HITPOINT WARNING * * *
You are more poisoned.
You take 7 damage, and have 13/33 hp.
MASSIVE DAMAGE!!
* * * LOW HITPOINT WARNING * * *
You feel very sick.
You take 6 damage, and have 7/33 hp.
It was a potion of degeneration.
There was something very wrong with that liquid.
You feel weakened.
You feel dopey.
You feel clumsy.
* * * LOW HITPOINT WARNING * * *
You feel very sick.
The orc hits you with a +2 mace of venom.
You die...

............#.##.# #.#
#.#.......#.#.#..# #.#
#.###.#####.#...## #.# ..#
#.#####.#...# #.## ###
#...........# #.#.
#######.##################.#. #.#
#...........#.#. #.#
####.#########.#.#. ####
##'###.@o........##†#.#. ...#
#.....#.#.######....#.#.
...#######.....#.#.###########.#.
...'........(....#...............
...#######.....#....##########.##
....#######......................
..........................####[##
....................####.## #.#
....############.......#.# #.#


You could see an orc.

Levels and vault maps discovered:
D:1:      eino_arrival_tree_alley, layout_loops_corners
D:2:      layout_basic, hellmonk_ecumenical_altar_heavens_door,
          kennysheep_potato
D:3:      layout_basic, slow_altar_1, lemuel_coloured_pillars_altar

Notes
Turn   | Place    | Note
-------+----------+-------------------------------------------
     0 | D:1      | puppykicker the Vampire Arcane Marksman began the quest for
                  | the Orb.
     0 | D:1      | Reached XP level 1. HP: 14/14 MP: 2/2
    14 | D:1      | Identified a +0 club
    33 | D:1      | Identified a +0 hand axe
    36 | D:1      | Identified a +0 hand crossbow
    59 | D:1      | Identified a +0 dagger
    69 | D:1      | Reached skill level 1 in Fighting
    84 | D:1      | Identified a +0 dagger
    86 | D:1      | Identified a +0 short sword
    87 | D:1      | Reached skill level 1 in Stealth
    94 | D:1      | HP: 3/15 [jackal (2)]
    97 | D:1      | HP: 1/15 [kobold (3)]
    98 | D:1      | Reached XP level 2. HP: 2/21 MP: 3/3
   191 | D:1      | Learned a level 2 spell: Slow
   203 | D:1      | Identified a +2 scale mail of poison resistance
   237 | D:1      | HP: 1/21 [hobgoblin (5)]
   420 | D:1      | Identified a ring of willpower
   538 | D:1      | You fall into a shaft and drop 1 floor!
   563 | D:2      | Reached skill level 2 in Crossbows
   563 | D:2      | Reached skill level 2 in Stealth
   563 | D:2      | Gained mutation: You are afflicted with vampirism and can
                  | become a bat while bloodless. [Vampire growth]
   563 | D:2      | Reached XP level 3. HP: 26/26 MP: 4/4
   609 | D:2      | Identified a +0 club
   697 | D:1      | Identified a +0 dagger
   747 | D:1      | Identified a +0 spear
  1008 | D:1      | Identified a +0 hunting sling
  1040 | D:1      | Reached skill level 5 in Hexes
  1279 | D:2      | Identified a +0 robe
  1463 | D:2      | Identified a +0 dagger
  1482 | D:2      | Reached skill level 1 in Short Blades
  1579 | D:2      | Found a faded altar of an unknown god.
  1604 | D:2      | Identified a +0 whip
  1691 | D:2      | Identified a +0 scale mail
  1743 | D:2      | Identified a +0 kite shield
  1789 | D:2      | Identified a +0 leather armour
  1822 | D:2      | Reached XP level 4. HP: 33/33 MP: 5/5
  2352 | D:3      | Identified a +0 short sword
  2357 | D:3      | Identified a +2 mace of venom
  2357 | D:3      | Identified a +0 leather armour
  2358 | D:3      | Identified a +0 flail
  2358 | D:3      | Identified a +0 club
  2358 | D:3      | Identified a +0 dagger
  2359 | D:3      | Identified a +0 flail
  2359 | D:3      | Identified a +0 leather armour
  2359 | D:3      | Identified a +0 hand axe
  2359 | D:3      | Identified a +0 chain mail
  2360 | D:3      | Identified a +2 dagger of flaming
  2360 | D:3      | Identified a +0 ring mail
  2361 | D:3      | Identified a +0 flail
  2377 | D:2      | HP: 7/33 [poisoned by an orc]
  2378 | D:2      | Identified a potion of degeneration
  2378 | D:2      | HP: 2/33 [poisoned by an orc]
  2378 | D:2      | Slain by an orc

Table legend: (Time is in decaauts)
 A = Elapsed time spent in this place.
 B = Non-inter-level travel time spent in this place.
 C = Inter-level travel time spent in this place.
 D = Time resting spent in this place.
 E = Time spent auto-exploring this place.
 F = Levels seen in this place.
 G = Mean time per level.
                   A        B        C        D        E       F      G
               +--------+--------+--------+--------+--------+-----+--------+
         Total |   2399 |   2278 |    121 |    255 |   1528 |   3 |  799.7 |
       Dungeon |   2399 |   2278 |    121 |    255 |   1528 |   3 |  799.7 |
               +--------+--------+--------+--------+--------+-----+--------+

Top non-repeatable levels by time:
     D:2: 1211 daAuts
     D:1: 1106 daAuts
     D:3: 81 daAuts

Table legend:
 A = Kills in this place as a percentage of kills in entire the game.
 B = Kills by you in this place as a percentage of kills by you in the entire game.
 C = Kills by friends in this place as a percentage of kills by friends in the entire game.
 D = Other kills in this place as a percentage of other kills in the entire game.
 E = Experience gained in this place as a percentage of experience gained in the entire game.
 F = Experience gained in this place divided by the number of levels of this place that you have seen.
                   A       B       C       D       E      F
               +-------+-------+-------+-------+-------+----------------------
         Total | 100.0 | 100.0 |   N/A |   N/A | 100.0 |  37.0
       Dungeon | 100.0 | 100.0 |   N/A |   N/A | 100.0 |  37.0
               +-------+-------+-------+-------+-------+----------------------

Skill      XL: |  1  2  3 |
---------------+----------+-----
Fighting       | 1 |  1.8
Stealth        | 1 2 |  2.6
Crossbows      | 2 |  2.1
Hexes          | 5 |  5.1
Short Blades   | 1 |  1.1
Dodging        | |  2.2
Spellcasting   | |  1.0

Action                   |  1- 3 |  4- 6 || total
-------------------------+-------+-------++-------
Melee: Hand axe          |    14 |       ||    14
       Club              |     2 |       ||     2
       Bite              |    14 |     4 ||    18
       Short sword       |   123 |    21 ||   144
 Fire: Hand crossbow     |    23 |    11 ||    34
  Use: Potion            |       |     1 ||     1
 Stab: Sleeping          |     6 |     2 ||     8
Armor: Robe              |    30 |     3 ||    33
Dodge: Dodged            |   105 |    16 ||   121

Vanquished Creatures
  An adder (D:2)
  2 worms (D:2)
  3 ball pythons
  4 bats
  7 endoplasms
  3 giant cockroaches
  A goblin (D:1)
  7 hobgoblins
  11 jackals
  3 quokkas
  3 frilled lizards
  7 kobolds
  A rat (D:2)
53 creatures vanquished.
